 Dungeon Crawl Stone Soup version 0.23.1-37-gaa34b87b72 (webtiles) character file.

Game seed: 17755092166756287777

430 Revguard the Chopper (level 6, 0/51 HPs)
             Began as a Draconian Skald on Mar 26, 2019.
             Succumbed to a scorpion's poison
             ... on level 3 of the Dungeon.
             The game lasted 00:12:34 (2656 turns).

Revguard the Chopper (Draconian Skald)              Turns: 2656, Time: 00:12:35

Health: 0/51       AC:  8    Str: 14    XL:     6   Next: 66%
Magic:  0/10       EV: 13    Int: 13    God:
Gold:   150        SH:  0    Dex: 12    Spells: 4/10 levels left

rFire    . . .     SeeInvis .   a - +0 hand axe
rCold    . . .     Gourm    .   (no shield)
rNeg     . . .     Faith    .   (armour unavailable)
rPois    .         Spirit   .   (helmet restricted)
rElec    .         Reflect  .   e - +0 cloak
rCorr    .         Harm     .   (no gloves)
MR       .....                  l - +0 pair of boots
Stlth    +.........             (no amulet)
HPRegen  0.17/turn              (no ring)
MPRegen  0.12/turn              (no ring)

@: lethally poisoned (0 -> -9), very slightly contaminated
A: unfitting armour, cold-blooded, AC +6
a: no special abilities


You were on level 3 of the Dungeon.
You were not hungry.

You visited 1 branch of the dungeon, and saw 4 of its levels.

You collected 150 gold pieces.

Inventory:

Hand Weapons
 a - a +0 hand axe (weapon)
Armour
 e - a +0 cloak (worn)
 l - a +0 pair of boots (worn)
Scrolls
 b - a scroll of identify
 d - a scroll of remove curse
 f - a scroll of blinking
 g - a scroll of enchant armour {unknown}
 h - 2 scrolls of teleportation {unknown}
 i - a scroll of amnesia {unknown}
 j - a scroll of fear {unknown}
 k - a scroll of enchant weapon {unknown}
Comestibles
 c - 3 rations
 m - a chunk of flesh


   Skills:
 + Level 3.3 Fighting
 + Level 4.4 Axes
 + Level 3.3 Dodging
 + Level 2.9 Spellcasting
 + Level 3.4 Charms
 * Level 2.0 Necromancy


You had 4 spell levels left.
You knew the following spells:

 Your Spells              Type           Power        Failure   Level  Hunger
a - Infusion              Chrm           ##..         5%          1    #......
b - Song of Slaying       Chrm           ##......     9%          2    ###....
c - Regeneration          Chrm/Necr      #.........   22%         3    ###....

Your spell library contained the following spells:

 Spells                   Type           Power        Failure   Level  Hunger
 Shroud of Golubria       Chrm/Tloc      #.........   17%         2    ###....
 Spectral Weapon          Hex/Chrm       #.......     34%         3    ###....


Dungeon Overview and Level Annotations

Branches:
Dungeon (4/15)
 Temple: D:4-7

Altars:
Dithmenos
Elyvilon
Yredelemnul


Innate Abilities, Weirdness & Mutations

Your plain brown scales are hard. (AC +6)
You cannot fit into any form of body armour.
You are cold-blooded and may be slowed by cold attacks.


Message History

* * * LOW HITPOINT WARNING * * *
You feel sick.
Casting: Regeneration (safe; 22% risk of failure)
Confirm with . or Enter, or press ? or * to list all spells.
You miscast Regeneration.
You are very lightly contaminated with residual magic.
Pain shoots through your body.
* * * LOW HITPOINT WARNING * * *
You feel sick.
You aren't carrying any potions.
As you read the scroll labeled WONULI DUNIE, it crumbles to dust.
It is a scroll of identify.
d - a scroll of remove curse
* * * LOW HITPOINT WARNING * * *
You feel sick.
Blink to where?
Press: ? - help, Dir - move target cursor
As you read the scroll labeled ZEXAWUUCVAL, it crumbles to dust.
It was a scroll of blinking.
You die...

.[.................####.....#.(..
#.#...#..###.###...# #.....#....
#.##.##÷.# #.# #.#.####.....#...#
#.####...# #.###.##...#.....#..##
#.# #..#.# #.........##.....#.##
#.# #....# #####.######.....###
#.# #.##.# #.# ###.### #.###.##.#
#.# #.# #........# #@# #_# ###
.####.#### #§# #######.## ......#
####>######.##.....# .######
#........##.###...### ##
#.##.............##..
#.######.##.##......#
#.######.##.###.#####
#........##.....#
#################


There were no monsters in sight!

Vanquished Creatures
  An ice beast (D:3)
  A scorpion (D:3)
  A howler monkey (D:4)
  A crimson imp (D:3)
  A hound (D:4)
  A worker ant (D:4)
  7 adders
  An ooze (D:1)
  An adder skeleton (D:4)
  A worm (D:2)
  3 dart slugs
  A leopard gecko (D:1)
  2 ball pythons (D:2)
  10 bats
  3 giant cockroaches
  2 gnoll zombies (D:3)
  6 goblins
  10 hobgoblins
  9 jackals
  5 kobolds
  2 quokkas (D:3)
  6 frilled lizards
  A jackal skeleton (D:2)
  10 rats
86 creatures vanquished.

Notes
Turn   | Place    | Note
-------+----------+-------------------------------------------
     0 | D:1      | Revguard the Draconian Skald began the quest for the Orb.
     0 | D:1      | Reached XP level 1. HP: 17/17 MP: 3/3
    54 | D:1      | Reached XP level 2. HP: 15/24 MP: 0/5
   102 | D:1      | Learned a level 2 spell: Song of Slaying
   661 | D:1      | Reached XP level 3. HP: 10/30 MP: 6/6
  1244 | D:2      | Learned a level 3 spell: Regeneration
  1311 | D:2      | Reached XP level 4. HP: 35/37 MP: 7/7
  1490 | D:2      | Reached skill level 3 in Axes
  1524 | D:3      | Noticed an ice beast
  1539 | D:3      | Killed an ice beast
  1539 | D:3      | Reached skill level 1 in Necromancy
  1539 | D:3      | Reached XP level 5. HP: 44/44 MP: 4/8
  1761 | D:3      | Found a white marble altar of Elyvilon.
  1761 | D:3      | Found a shadowy altar of Dithmenos.
  2324 | D:3      | Reached skill level 4 in Axes
  2442 | D:3      | Found a basalt altar of Yredelemnul.
  2537 | D:4      | Reached XP level 6. HP: 49/51 MP: 6/10
  2653 | D:3      | HP: 2/51 [poisoned by a scorpion]
  2656 | D:3      | Succumbed to a scorpion's poison

Skill      XL: |  1  2  3  4  5  6 |
---------------+-------------------+-----
Charms         | 3 |  3.4
Axes           | 3 4 |  4.4
Dodging        | 3 |  3.3
Necromancy     | 1 2 |  2.0
Fighting       | 3 |  3.3
Spellcasting   | |  2.9

Action                   |  1- 3 |  4- 6 || total
-------------------------+-------+-------++-------
Melee: Hand axe          |   117 |   192 ||   309
       Tailslap          |     7 |    27 ||    34
 Cast: Infusion          |     5 |     2 ||     7
       Song of Slaying   |     2 |     4 ||     6
       Regeneration      |       |     5 ||     5
  Use: Potion            |     4 |     3 ||     7
       Scroll            |       |     2 ||     2
 Stab: Sleeping          |     1 |     1 ||     2
  Eat: Chunk             |     2 |     6 ||     8
Armor: Skin              |    61 |    72 ||   133
Dodge: Dodged            |   126 |   147 ||   273
